 Dungeon Crawl Stone Soup version bcrawl-1.12-8-g964540c432 (webtiles) character file.

Game seed: 5266758405426304831

26 MisterOstroum the Sneak (level 2, -2/21 HPs)
             Began as a Vampire Rogue on June 10, 2019.
             Slain by a gnoll (6 damage)
             ... on level 2 of the Dungeon.
             The game lasted 00:01:45 (2729 turns).

MisterOstroum the Sneak (Vampire Rogue)             Turns: 2729, Time: 00:01:45

Health: -2/21      AC:  3    Str: 14    XL:     2   Next: 89%
Magic:  3/3        EV: 11    Int: 11    God:
Gold:   50         SH:  0    Dex: 14    Spells: 1/1 levels left

rFire    . . .     SeeInvis +   a - +2 dagger
rCold    . . .     Gourm    .   (no shield)
rNeg     + . .     Faith    .   c - +0 robe
rPois    .         Spirit   .   (no helmet)
rElec    .         Reflect  .   d - +0 cloak
rCorr    +         Harm     .   (no gloves)
MR       .....                  (no boots)
Stlth    ++++......             (no amulet)
HPRegen  0.07/turn              l - ring of resist corrosion
MPRegen  0.08/turn              (no ring)

@: no status effects
A: claws 1, fangs 3, see invisible, unbreathing
a: no special abilities


You were on level 2 of the Dungeon.
You were not thirsty.

You visited 1 branch of the dungeon, and saw 2 of its levels.

You collected 50 gold pieces.

Inventory:

Hand Weapons
 a - a +2 dagger (weapon)
 b - a +0 blowgun
Missiles
 h - 257 poisoned needles
 j - 239 stones (quivered)
 k - 160 javelins
Armour
 c - a +0 robe (worn)
 d - a +0 cloak (worn)
 p - a scarf of stasis
 q - a +0 pair of boots
Jewellery
 l - a ring of resist corrosion (left claw)
Wands
 f - a wand of flame (15)
 g - a wand of enslavement (15)
Scrolls
 m - a scroll of immolation {unknown}
 o - a scroll of identify {unknown}
Potions
 i - a potion of heal wounds {unknown}
 n - a potion of mutation {unknown}


   Skills:
 + Level 1.2 Fighting
 + Level 3.1 Short Blades
 - Level 1.5 Throwing
 + Level 6.9 Stealth
 - Level 2.0 Evocations


You had one spell level left.
You didn't know any spells.
Your spell library was empty.

Dungeon Overview and Level Annotations

Branches:
Dungeon (2/12)

Altars:


Innate Abilities, Weirdness & Mutations

You have sharp fingernails.
You have razor-sharp teeth.
You have supernaturally acute eyesight. (SInv)
You can survive without breathing.


Message History

You are too injured to fight recklessly!
You are too injured to fight recklessly!
You are too injured to fight recklessly!
You are too injured to fight recklessly!
You are too injured to fight recklessly!
You are too injured to fight recklessly!
You are too injured to fight recklessly!
You are too injured to fight recklessly!
You are too injured to fight recklessly!
You are too injured to fight recklessly!
You are too injured to fight recklessly!
You are too injured to fight recklessly!
You are too injured to fight recklessly!
You are too injured to fight recklessly!
You are too injured to fight recklessly!
You are too injured to fight recklessly!
You are too injured to fight recklessly!
You are too injured to fight recklessly!
You are too injured to fight recklessly!
You are too injured to fight recklessly!
You are too injured to fight recklessly!
You are too injured to fight recklessly!
You are too injured to fight recklessly!
You are too injured to fight recklessly!
You are too injured to fight recklessly!
You are too injured to fight recklessly!
You are too injured to fight recklessly!
You are too injured to fight recklessly!
You are too injured to fight recklessly!
You are too injured to fight recklessly!
You are too injured to fight recklessly!
You are too injured to fight recklessly!
You are too injured to fight recklessly!
You are too injured to fight recklessly!
You are too injured to fight recklessly!
You are too injured to fight recklessly!
You are too injured to fight recklessly!
The gnoll hits you but does no damage. The jackal closely misses you.
The jackal barely misses you. The jackal bites you.
* * * LOW HITPOINT WARNING * * *
The jackal misses you.
You hit the jackal.
The jackal is almost dead.
The jackal bites you but does no damage.
You hit the jackal.
You kill the jackal!
Your Fighting skill increases to level 1!
Your Short Blades skill increases to level 3!
The gnoll completely misses you. The gnoll closely misses you.
There is a stone staircase leading up here.
You climb upwards.
There is a stone staircase leading down here.
Yummy - fresh blood!
You are feeling very thirsty.
e - 5 potions of blood;
h - 257 poisoned needles Yummy - fresh blood!
Yummy - fresh blood!
Yummy - fresh blood!
Yummy - fresh blood!
Yummy - fresh blood!
You start resting.
HP restored.
You climb downwards.
There is a stone staircase leading up here.
The gnoll hits you with a +0 spear!
You closely miss the gnoll. Your bite misses the gnoll.
The gnoll barely misses you.
You hit the gnoll. You bite the gnoll.
The gnoll is moderately wounded.
The gnoll closely misses you.
You hit the gnoll.
The gnoll is severely wounded.
You barely miss the gnoll. You bite the gnoll.
You kill the gnoll!
You hit the gnoll but do no damage. The gnoll barely misses you.
You hit the gnoll.
The gnoll is moderately wounded.
The gnoll hits you.
You barely miss the gnoll.
The gnoll is moderately wounded.
The gnoll barely misses you.
You barely miss the gnoll.
The gnoll is moderately wounded.
You hit the gnoll.
The gnoll is heavily wounded.
The gnoll barely misses you.
You hit the gnoll.
The gnoll is almost dead.
The gnoll hits you.
You completely miss the gnoll.
The gnoll is almost dead.
The gnoll hits you.
* * * LOW HITPOINT WARNING * * *
You closely miss the gnoll. Your bite misses the gnoll.
The gnoll is almost dead.
The gnoll hits you.
You die...

#.# #.#### #..
####.### #....# #..
#......#######g# #..
##.#.#.#.....#.# #..
#.#.#.#.###.#.####..
#.#.#.#.#.......g...
#.#.#.#.#.#.#.#####.
#.#g#.#.#.#.#.# #.
##.#@#.#[#.#.#.# #.
#..<.#.#.#.#.#.#.....
###### #.#.#.#.#.#.#.
#...#.#.# #.#.
#####.#.# # #. #. ##


You could see a gnoll.

Vanquished Creatures
  A gnoll (D:2)
  A leopard gecko (D:1)
  A bat (D:1)
  2 goblins (D:1)
  A hobgoblin (D:1)
  4 jackals (D:2)
  2 kobolds (D:1)
  A ball python (D:1)
13 creatures vanquished.

Notes
Turn   | Place    | Note
-------+----------+-------------------------------------------
     0 | D:1      | MisterOstroum the Vampire Rogue began the quest for the
                  | Orb.
     0 | D:1      | Reached XP level 1. HP: 13/13 MP: 2/2
  1835 | D:1      | Reached XP level 2. HP: 20/20 MP: 3/3
  2449 | D:2      | Reached skill level 1 in Fighting
  2729 | D:2      | Slain by a gnoll

Skill      XL: |  1  2 |
---------------+-------+-----
Fighting       | 1 |  1.2
Short Blades   | 3 |  3.1
Throwing       | |  1.5
Stealth        | |  6.9
Evocations     | |  2.0

Action                   || total
-------------------------++-------
Melee: Dagger            ||    36
       Bite              ||     5
  Use: Potion            ||     6
 Stab: Sleeping          ||     8
Armor: Robe              ||     3
Dodge: Dodged            ||    17
